 Dungeon Crawl Stone Soup version 0.31-a0-435-g2c6fae2916 (webtiles) character file.

Game seed: 2952120720265098454

14 Xavori the Trooper (level 2, 25/25 HPs)
             Began as a Djinni Chaos Knight on Aug 2, 2023.
             Was a Plaything of Xom.
             Quit the game on level 1 of the Dungeon.
             The game lasted 00:00:44 (8461 turns).

Xavori the Trooper (Djinni Chaos Knight)            Turns: 8461, Time: 00:00:45

Health: 25/25      AC:  5    Str: 10 (11) XL:     2   Next: 55%
Gold:   42         EV: 11    Int:  9      God:    Xom [...*..] SH:  0 Dex: 10 (12)

rFire   + + +        a - +0 falchion (chaos)
rCold   x . .        (no shield)
rNeg    . . .        b - +2 leather armour
rPois   ∞            (no helmet)
rElec   .            (no cloak)
rCorr   .            (no gloves)
SInv    .            (boots unavailable)
Will    .....        (no amulet)
Stlth   +            (no ring)
HPRegen 0.24/turn    (no ring)
MPRegen 0.00/turn

%: clarity
@: flying
A: sickness immunity, fire resistance 3, cold vulnerability 1, float, innate
caster, HP casting, extra vitality 1, clarity, dopey 2, subdued magic 2, noise
suppression
a: Renounce Religion


You were on level 1 of the Dungeon.
You worshipped Xom.
You were a favourite toy of Xom.
You visited 1 branch of the dungeon, and saw 2 of its levels.

You collected 42 gold pieces.

Inventory:

Hand Weapons
 a - a +0 falchion of chaos (weapon)
Armour
 b - a +2 leather armour (worn)
Scrolls
 c - a scroll of butterflies
 d - a scroll of amnesia {unknown}
 f - a scroll of enchant armour {unknown}
 g - a scroll of brand weapon {unknown}
Potions
 e - a potion of curing {unknown}
 h - a potion of might {unknown}
 i - 2 potions of heal wounds {unknown}


   Skills:
 + Level 3.1 Fighting
 + Level 2.8 Long Blades
 + Level 1.1 Armour
 + Level 2.2 Dodging
 * Level 0.1 Spellcasting
 * Level 0.1 Conjurations
 * Level 0.1 Hexes
 * Level 0.1 Summonings
 * Level 0.1 Necromancy
 * Level 0.1 Translocations
 * Level 0.1 Transmutations
 * Level 0.1 Fire Magic
 * Level 0.1 Ice Magic
 * Level 0.1 Air Magic
 * Level 0.1 Earth Magic
 * Level 0.1 Poison Magic You didn't know any spells. Your spell library was empty.

Dungeon Overview and Level Annotations

Branches:
Dungeon (2/15)

Altars:


Innate Abilities, Weirdness & Mutations

You are immune to sickness and miasma.
You are immune to poison.
Your flesh is almost immune to the effects of heat. (rF+++)
You are vulnerable to cold. (rC-)
You float through the air rather than walking.
You learn spells naturally, not from books.
Your magical power is your life essence.
You have superior vitality. (+4 MHP)
You possess an exceptional clarity of mind.
You are very dopey. (Int -4)
Your spells are easier to cast, but less powerful.
You passively dampen the noise of your surroundings.


Message History

You start waiting.
Done waiting.
You start waiting.
You start waiting.
You start waiting.
You start waiting.
You start waiting.
You start waiting.
Xom is getting BORED.
You start waiting.
Xom is getting BORED.
You start waiting.
You are now a BORING thing.
You start waiting.
You are now a toy of Xom.
You start waiting.
You start waiting.
You start waiting.
You start waiting.
You start waiting.
You are now a favourite toy of Xom.
You start waiting.
You start waiting.
You start waiting.
You start waiting.
You start waiting.
You start waiting.
You start waiting.
You start waiting.
You start waiting.
You start waiting.
You start waiting.
You start waiting.
You start waiting.
You start waiting.
Xom grants you an implement of some kind.
Something appears before you!
You see here a +0 robe.
There is a stone staircase leading down here.
You see here a +0 robe.
Are you sure you want to abandon this character and quit the game? (Confirm with "yes".)

#.# #..... #.# ######### #.#
#........ #.# #.####### #.# #.#
###### #.# #.####### .....# #.#
#.#......
.....###########)########.#.#####
.....'..........@................
.....###########...............##
####.# #........#.#.##.# #.#
#..#####.#.#.##.# #.#
#..#...#.#.#.##.# #.#
#..#.#.#.#.#.##.# #.#
#..#.#.#.#.#.##.# #.#
#..#.#.#.#.#.##.# #.##
#..#.#.#.#.#..#.#


There were no monsters in sight!

Vanquished Creatures
  A dart slug (D:1)
  An endoplasm (D:1)
  A giant cockroach (D:1)
  A hobgoblin (D:1)
  A quokka (D:1)
  A ball python (D:1)
  2 bats (D:1)
  2 goblins (D:1)
  2 rats (D:1)
12 creatures vanquished.

Notes
Turn   | Place    | Note
-------+----------+-------------------------------------------
     0 | D:1      | Xavori the Djinni Chaos Knight began the quest for the Orb.
     0 | D:1      | Reached XP level 1. HP: 20/20 MP: 0/0
   138 | D:1      | XOM: silly message
   583 | D:1      | XOM: 7-stop teleportation journey
   777 | D:1      | XOM: 3-stop teleportation journey
   964 | D:1      | Reached XP level 2. HP: 25/25 MP: 0/0
   970 | D:1      | XOM: give mutations
   970 | D:1      | Gained mutation: You have sharp fingernails. [Xom's grace]
   970 | D:1      | Gained mutation: You possess an exceptional clarity of
                  | mind. [Xom's grace]
   970 | D:1      | Gained mutation: You are partially covered in iridescent
                  | scales. (AC +2) [Xom's grace]
  1114 | D:1      | XOM: 6-stop teleportation journey
  1117 | D:1      | XOM is BORED!
  1117 | D:1      | XOM: stat loss: -2 Dex (10/12)
  2523 | D:1      | XOM: divination: magic mapping
  3757 | D:1      | XOM: give mutations
  3757 | D:1      | Gained mutation: You do not regenerate when monsters are
                  | visible. [Xom's mischief]
  4370 | D:1      | XOM: give mutations
  4370 | D:1      | Lost mutation: You do not regenerate when monsters are
                  | visible. [Xom's mischief]
  4370 | D:1      | Lost mutation: You are partially covered in iridescent
                  | scales. (AC +2) [Xom's mischief]
  4370 | D:1      | Gained mutation: You are dopey. (Int -2) [Xom's mischief]
  4370 | D:1      | Gained mutation: Your flesh is almost immune to the effects
                  | of heat. (rF+++) [Xom's mischief]
  4591 | D:1      | XOM: give mutations
  4591 | D:1      | Gained mutation: You passively dampen the noise of your
                  | surroundings. [Xom's mischief]
  4591 | D:1      | Gained mutation: You are very dopey. (Int -4) [Xom's
                  | mischief]
  4591 | D:1      | Gained mutation: Your spells are a little easier to cast,
                  | but a little less powerful. [Xom's mischief]
  4591 | D:1      | Lost mutation: You have sharp fingernails. [Xom's mischief]
  4782 | D:1      | XOM: noise
  5478 | D:1      | XOM: stat loss: -1 Str (10/11)
  6919 | D:1      | XOM: give mutation
  6919 | D:1      | Gained mutation: Your spells are easier to cast, but less
                  | powerful. [Xom's mischief]
  7867 | D:1      | XOM is BORED!
  8458 | D:1      | XOM: god gift: robe {god gift}
  8461 | D:1      | Quit the game

Illustrated notes

Levels and vault maps discovered:
D:1:      ebering_trefoil_3fold, layout_basic
D:2:      layout_loops_ring

Action                     || total
---------------------------++-------
  Melee: Falchion          ||    34
 Armour: Leather armour    ||    17
  Dodge: Dodged            ||    18

Table legend: (Time is in decaauts)
 A = Elapsed time spent in this place.
 B = Non-inter-level travel time spent in this place.
 C = Inter-level travel time spent in this place.
 D = Time resting spent in this place.
 E = Time spent auto-exploring this place.
 F = Levels seen in this place.
 G = Mean time per level.
                   A        B        C        D        E       F      G
               +--------+--------+--------+--------+--------+-----+--------+
         Total |   8466 |   8433 |     33 |   7709 |    626 |   2 | 4233.0 |
       Dungeon |   8466 |   8433 |     33 |   7709 |    626 |   2 | 4233.0 |
               +--------+--------+--------+--------+--------+-----+--------+

Top non-repeatable levels by time:
     D:1: 8465 daAuts
     D:2: 1 daAuts
